[Event "Late-Titled-Tuesday-Blitz-September-19-2023"]
[Site "Chess.com"]
[Date "2023.09.19"]
[Round "3"]
[White "kuli4ik"]
[Black "Journey_to_GrandMaster_YT"]
[Result "1-0"]
[WhiteElo "2968"]
[BlackElo "2676"]
[TimeControl "180+1"]
[EndTime "14:26:49 PDT"]
[Termination "kuli4ik won on time"]

1. Nf3 d6 2. d4 Nf6 3. g3 Nbd7 4. Bg2 e5 5. Nc3 e4 6. Ng5 d5 7. f3 h6 8. Nh3 Bb4 9. O-O Bxc3 10. bxc3 O-O 11.
Nf2 Re8 12. fxe4 dxe4 13. c4 b6 14. c3 c5 15. Be3 Qe7 16. a4 Ba6 17. Qb3 Rac8 18.
Rfc1 Qe6 19. Bh3 Qc6 20. d5 Qb7 21. a5 Ra8 22. Rcb1 g5 23. axb6 axb6 24. Nd1 Reb8 25. Nb2 Ne8 26. Na4 Nd6 27. Bxd7 Qxd7 28. Nxb6 Qd8 29.
Bxc5 Nxc4 30. Rxa6 Rxa6 31. Qxc4 Raxb6 32. Bxb6 Rxb6 33. Rd1 Qe7 34. Qd4 Rb2 35. d6 Qd7 36. Qxe4 Qa7+ 37.
Kg2 Qa6 38. c4 Qa4 39. Rd3 Qc2 40. d7 1-0

[Event "Late-Titled-Tuesday-Blitz-September-19-2023"]
[Site "Chess.com"]
[Date "2023.09.19"]
[Round "3"]
[White "bipe137"]
[Black "bascheyaro"]
[Result "1-0"]
[WhiteElo "2559"]
[BlackElo "2808"]
[TimeControl "180+1"]
[EndTime "14:26:49 PDT"]
[Termination "bipe137 won on time"]

1. d4 d5 2. c4 c6 3. cxd5 cxd5 4. Bg5 Nc6 5. Nc3 h6 6. Bh4 Nf6 7. Bxf6 gxf6 8. e3 a6 9. Bd3 f5 10. f4 e6 11. Nf3 Bd7 12. Rc1 Rg8 13. Kf2 Rc8 14.
Rg1 Bd6 15. h3 b5 16. g4 fxg4 17. hxg4 Qf6 18. Ne2 Ke7 19. Qf1 Nb4 20. Bb1 Rxc1 21.
Nxc1 Rc8 22. a3 Nc6 23. Nd3 Na5 24. Qe2 Nc4 25. Nde5 b4 26. axb4 Bxb4 27. Bd3 Bb5 28. b3 Nd6 29. g5 hxg5 30. Nxg5 Qh6 31. Bxb5 axb5 32. Nd3 Qh4+ 33. Kf1 Ne4 34. Rg4 Qh1+ 35. Rg1 Ng3+ 36. Kf2 Qxg1+ 37. Kxg1 Nxe2+ 38. Kf2 Nxd4 39.
Nxb4 Nxb3 40. Nf3 Nc5 41. Nd4 Nd7 42. Nxb5 Rc5 43. Nd4 Nb8 44. Nbc6+ 1-0

[Event "Late-Titled-Tuesday-Blitz-September-19-2023"]
[Site "Chess.com"]
[Date "2023.09.19"]
[Round "3"]
[White "Reality-Stone"]
[Black "SpeedofLight0"]
[Result "0-1"]
[WhiteElo "2630"]
[BlackElo "3085"]
[TimeControl "180+1"]
[EndTime "14:26:49 PDT"]
[Termination "SpeedofLight0 won by resignation"]

1. Nf3 c5 2. c4 b6 3. g3 Bb7 4.
Bg2 Nf6 5. O-O e6 6. Nc3 Be7 7. b3 O-O 8. Bb2 Nc6 9. d4 Nxd4 10. Nxd4 Bxg2 11. Kxg2 cxd4 12. Qxd4 Qc8 13. Qd3 Rd8 14. Rfd1 Qb7+ 15. Qf3 Qc7 16. Nb5 Qb8 17. Rac1 a6 18. Bxf6 Bxf6 19. Nd6 Qc7 20. b4 Rf8 21. Qb7 Ra7 22.
Qf3 Be7 23. c5 bxc5 24. bxc5 Qa5 25. Nb7 Qa4 26. c6 dxc6 27. Rd7 Bg5 28. Rxc6 Qxa2 29.
Rcc7 Bf6 30. Qh5 g6 31. Qf3 Qb2 32. Qe3 Raa8 33. Nc5 Qe5 34. Qf3 a5 35. Ne4 Bd8 36. Rxf7 Bxc7 37. Nf6+ Kxf7 38. Ng4+ Kg7 39. Qc6 Qd5+ 0-1

[Event "Late-Titled-Tuesday-Blitz-September-19-2023"]
[Site "Chess.com"]
[Date "2023.09.19"]
[Round "3"]
[White "ValeriyGrinev"]
[Black "VitaliyBernadskiy"]
[Result "0-1"]
[WhiteElo "2566"]
[BlackElo "2852"]
[TimeControl "180+1"]
[EndTime "14:26:52 PDT"]
[Termination "VitaliyBernadskiy won by resignation"]

1. d4 c5 2. d5 d6 3. Nc3 g6 4. e4 Bg7 5. Nf3 Nf6 6. Be2 O-O 7. O-O Na6 8. h3 Rb8 9. Re1 Nc7 10. a4 b6 11. Bf4 Bb7 12. Bc4 a6 13. Qd3 Nh5 14.
Bh2 Nf6 15. Rad1 Nd7 16. e5 b5 17. axb5 Nb6 18. bxa6 Nxc4 19. Qxc4 Bxa6 20. Qa2 Rb4 21.
exd6 exd6 22. Ne4 Rxb2 23. Qa5 Rb5 24. Qd2 Rb6 25. Qa5 Nb5 26. Rb1 c4 27. Nxd6 Bc3 28.
Qa4 Bxe1 29. Nxc4 Nc3 30. Rxb6 Nxa4 31. Rxa6 Nc5 32. Rd6 Qe8 33. Be5 Bb4 34. Rc6 Ne4 35.
Bd4 Qd7 36. Rb6 Bc5 37. Nce5 Qxd5 38. c4 Qxd4 39. Nxd4 Bxb6 40. Nb5 Bxf2+ 0-1

[Event "Late-Titled-Tuesday-Blitz-September-19-2023"]
[Site "Chess.com"]
[Date "2023.09.19"]
[Round "3"]
[White "Ykow"]
[Black "ritanovikova"]
[Result "0-1"]
[WhiteElo "2493"]
[BlackElo "2151"]
[TimeControl "180+1"]
[EndTime "14:26:52 PDT"]
[Termination "ritanovikova won on time"]

1. g4 Nc6 2. Bg2 d5 3. c4 dxc4 4. Qa4 Bxg4 5. Nf3 Bd7 6. Qxc4 Nf6 7. Nc3 e6 8. e4 e5 9. d4 Bd6 10. d5 Ne7 11. Bg5 Ng6 12. Rc1 a6 13. h4 h6 14.
Be3 Ng4 15. h5 Nxe3 16. fxe3 Ne7 17. Bh3 Bxh3 18. Rxh3 Qd7 19. Rg3 g6 20. Nd1 g5 21.
Nf2 f5 22. Nd3 f4 23. Ndxe5 Bxe5 24. Nxe5 Qd6 25. exf4 gxf4 26. Ng4 fxg3 27. e5 Qb6 28. Nf6+ Kd8 29. d6 Qf2+ 30. Kd1 Qf3+ 31. Kd2 Qf2+ 0-1

[Event "Late-Titled-Tuesday-Blitz-September-19-2023"]
[Site "Chess.com"]
[Date "2023.09.19"]
[Round "3"]
[White "GiorgianBarbosa"]
[Black "serhanberat_ozdemir"]
[Result "0-1"]
[WhiteElo "2452"]
[BlackElo "2625"]
[TimeControl "180+1"]
[EndTime "14:26:57 PDT"]
[Termination "serhanberat_ozdemir won by checkmate"]

1. c4 Nf6 2. g3 g6 3. Bg2 Bg7 4. Nc3 O-O 5. e3 d6 6. Nge2 e5 7. O-O Re8 8. d3 Nc6 9. Rb1 Bf5 10. b4 Qd7 11. Re1 e4 12. d4 h5 13. h4 Nd8 14.
Nf4 Ne6 15. Ncd5 Nxf4 16. Nxf4 Bg4 17. Qc2 Qf5 18. d5 g5 19. hxg5 Nh7 20. Bb2 Nxg5 21. Bxg7 Kxg7 22. Kf1 Rh8 23. Rec1 h4 24. gxh4 Rxh4 25.
Ke1 Bf3 26. Bf1 Rh2 27. c5 Qg4 28. cxd6 Qg1 29. Qb2+ Kg8 30. Ne2 Qxf2+ 31. Kd2 Bxe2 32. Kc3 Qxe3+ 33. Kc2 Bd3+ 34. Kd1 Qf3+ 35. Ke1 Qxf1# 0-1

[Event "Late-Titled-Tuesday-Blitz-September-19-2023"]
[Site "Chess.com"]
[Date "2023.09.19"]
[Round "3"]
[White "MessiKingdom"]
[Black "sergoy"]
[Result "0-1"]
[WhiteElo "2627"]
[BlackElo "2909"]
[TimeControl "180+1"]
[EndTime "14:26:59 PDT"]
[Termination "sergoy won by resignation"]

1. d4 d5 2. Bf4 Nf6 3. e3 c5 4. Nf3 Nc6 5. Nbd2 cxd4 6. exd4 Bg4 7. c3 e6 8. Qb3 Qc8 9. Bd3 Be7 10. O-O O-O 11.
Ne5 Bh5 12. Qc2 Bg6 13. Nxg6 hxg6 14. Nf3 a6 15. Qe2 b5 16. a3 Na5 17. Ne5 Nc4 18.
a4 Nh5 19. Bd2 Qb7 20. Nxg6 fxg6 21. Qxe6+ Kh8 22. Qxg6 Nf6 23. Bh6 Bd8 24. Bg5 Ne4 25. Qh5+ Kg8 26. Bxd8 Raxd8 27. axb5 axb5 28. f3 Nf6 29.
Qg6 Qf7 30. Qg5 Qh5 31. Qc1 Rfe8 32. b3 Nd6 33. Re1 Qh4 34. Rxe8+ Rxe8 35. Qd2 b4 36. cxb4 Qxd4+ 0-1

[Event "Late-Titled-Tuesday-Blitz-September-19-2023"]
[Site "Chess.com"]
[Date "2023.09.19"]
[Round "3"]
[White "egnfanclub"]
[Black "MFatigue"]
[Result "0-1"]
[WhiteElo "2353"]
[BlackElo "2555"]
[TimeControl "180+1"]
[EndTime "14:26:59 PDT"]
[Termination "MFatigue won by resignation"]

1. e4 e6 2. d4 d5 3. Nc3 Nf6 4. e5 Nfd7 5. Nf3 c5 6. dxc5 Nc6 7. Bf4 Bxc5 8. Bd3 h6 9. h4 a6 10. a4 Qb6 11. Qd2 Nd4 12. O-O-O Nxf3 13. gxf3 Bb4 14. Be2 Nc5 15. Be3 Qa5 16. Qd4 Bxc3 17. Qxc5 Qxc5 18. Bxc5 Bxe5 19. c4 dxc4 20. Bxc4 Bd7 21. a5 Rc8 22. b4 Bf6 23. Kb1 Be7 24. Bxe7 Kxe7 25. Bd3 Bc6 26. Be4 f5 27. Bxc6 Rxc6 28. Rhg1 g5 29. hxg5 hxg5 30. Rxg5 Kf6 31. f4 Rc4 32. b5 Rb4+ 33.
Ka2 Rxb5 34. Rd7 Rxa5+ 35. Kb3 Rb5+ 36. Ka4 Rh4 37. Rd4 Rd5 38. Rb4 Rxf4 39. Rg7 Rxb4+ 40. Kxb4 Rb5+ 0-1

[Event "Late-Titled-Tuesday-Blitz-September-19-2023"]
[Site "Chess.com"]
[Date "2023.09.19"]
[Round "3"]
[White "TatjanaVasilevich"]
[Black "Dontmesswithme_2"]
[Result "0-1"]
[WhiteElo "2562"]
[BlackElo "2429"]
[TimeControl "180+1"]
[EndTime "14:27:00 PDT"]
[Termination "Dontmesswithme_2 won by checkmate"]

1. e4 e6 2. d4 d5 3. e5 c5 4. c3 Nc6 5. Nf3 Qb6 6. Be2 Bd7 7.
O-O cxd4 8. cxd4 Nge7 9. Na3 Nf5 10. Nc2 Be7 11. Rb1 O-O 12. b4 a6 13. a3 Na5 14. g4 Nh4 15. Nxh4 Bxh4 16. Ne3 Rac8 17.
Bb2 Nc4 18. Ng2 Be7 19. Bd3 Bb5 20. h4 Nxb2 21. Rxb2 Rc3 22. Bxb5 axb5 23. Ra2 Ra8 24. Ne3 Bxb4 25. g5 Bxa3 26. h5 b4 27. h6 b3 28. Re2 Rc1 29. Qd3 b2 30. Rxb2 Qxb2 31. hxg7 Rxf1+ 32. Kxf1 Rc8 33. Ng4 Qc1+ 34. Kg2 Qxg5 35. Kh3 Be7 36. f3 b5 37. Kg2 b4 38.
Kg3 f5 39. exf6 Bd6+ 40. Kh3 h5 41. f7+ Kxg7 42. Ne5 Bxe5 43. dxe5 Qf5+ 44. Qxf5 exf5 45. e6 b3 46. Kh4 b2 47. Kg5 b1=N 48. e7 Kxf7 49. Kxf5 Nd2 50. f4 Nc4 51. Kg5 Nd6 52. Kxh5 Kxe7 53. Kg5 Ke6 54. Kg4 Nf5 55. Kf3 Rc3+ 56.
Ke2 Re3+ 57. Kd2 d4 58. Kd1 Kd5 59. Kd2 Ke4 60. Kd1 Kxf4 61. Kd2 Ke4 62. Kd1 d3 63. Kd2 Kd4 64. Kc1 Re2 65. Kd1 Ne3+ 66. Kc1 d2+ 67. Kb2 d1=N+ 68. Ka3 Rb2 69. Ka4 Nc3+ 70. Ka3 Nc4# 0-1

[Event "Late-Titled-Tuesday-Blitz-September-19-2023"]
[Site "Chess.com"]
[Date "2023.09.19"]
[Round "3"]
[White "Mariia89"]
[Black "Garmendiarov"]
[Result "1-0"]
[WhiteElo "2043"]
[BlackElo "2344"]
[TimeControl "180+1"]
[EndTime "14:27:00 PDT"]
[Termination "Mariia89 won by checkmate"]

1. d4 Nf6 2. Nf3 g6 3. c4 Bg7 4. Nc3 d5 5. Bg5 O-O 6. e3 c5 7. cxd5 Nxd5 8. Bc4 Nxc3 9. bxc3 Nc6 10. O-O Qa5 11.
d5 Qxc3 12. Rc1 Qb2 13. dxc6 bxc6 14. Bxe7 Re8 15. Bxc5 Be6 16. Qb3 Rab8 17. Qxb2 Rxb2 18. Bxa7 Bxc4 19. Rxc4 Rxa2 20. Bd4 Ra6 21. Rfc1 Re6 22. Bxg7 Kxg7 23. Nd4 Rd6 24. Rxc6 Rdxc6 25. Nxc6 Kf6 26. g3 h5 27. Kg2 h4 28. h3 hxg3 29. Kxg3 Kg5 30. Nd4 f5 31. Nf3+ Kh5 32. h4 Ra4 33.
Rc8 Kh6 34. Ng5 f4+ 35. exf4 Ra3+ 36. f3 Ra1 37. Rc7 Rg1+ 38. Kh2 Rg2+ 39. Kh1 Rg1+ 40. Kh2 Rg2+ 41. Kxg2 Kh5 42. Rh7# 1-0

[Event "Late-Titled-Tuesday-Blitz-September-19-2023"]
[Site "Chess.com"]
[Date "2023.09.19"]
[Round "3"]
[White "Abund"]
[Black "SandwichOSaumon"]
[Result "1-0"]
[WhiteElo "2772"]
[BlackElo "2527"]
[TimeControl "180+1"]
[EndTime "14:27:01 PDT"]
[Termination "Abund won by resignation"]

1. e4 e6 2. d4 d5 3. Nd2 Nf6 4. e5 Nfd7 5. c3 c5 6. f4 Nc6 7. Ndf3 Qb6 8. a3 a5 9. b3 Be7 10. h4 h6 11. h5 O-O 12. Bd3 f5 13. Ne2 Qd8 14. Be3 b6 15. O-O Ba6 16. Bxa6 Rxa6 17. Qd3 Qa8 18. a4 Ra7 19. Rac1 Rd8 20. Nh2 Bf8 21. g4 Ne7 22. Ng3 fxg4 23. f5 exf5 24. Nxf5 Qc6 25. Nd6 Nc8 26. Nb5 Rb7 27. Qf5 Kh8 28.
Nxg4 c4 29. e6 Nf6 30. Nxf6 gxf6 31. Qxf6+ Rg7+ 32. Kh1 Be7 33. Qe5 Kh7 34. Qf5+ Kg8 35. Bxh6 Rf8 36. Qe5 Rxf1+ 37. Rxf1 Rg4 38. Rf7 Rh4+ 39.
Kg2 Rg4+ 40. Kf3 Nd6 41. Rg7+ Kf8 42. Rxg4+ Ke8 43. Qh8+ 1-0

[Event "Late-Titled-Tuesday-Blitz-September-19-2023"]
[Site "Chess.com"]
[Date "2023.09.19"]
[Round "3"]
[White "tteshan"]
[Black "K_alena13"]
[Result "1-0"]
[WhiteElo "2515"]
[BlackElo "2187"]
[TimeControl "180+1"]
[EndTime "14:27:02 PDT"]
[Termination "tteshan won by resignation"]

1. e4 e5 2. Nf3 Nc6 3. Bb5 a6 4. Ba4 Nf6 5. O-O Be7 6. Re1 b5 7. Bb3 d6 8. c3 O-O 9. h3 Nb8 10. d4 Nbd7 11. Nbd2 Bb7 12. Bc2 Re8 13. Nf1 Bf8 14.
Ng3 g6 15. a4 c6 16. Bg5 Bg7 17.
Qd2 Qc7 18. h4 Nf8 19. h5 Ne6 20. Bh6 Bxh6 21. Qxh6 Ng4 22. Qd2 Nf4 23. Nh2 Nf6 24. hxg6 hxg6 25. Qd1 Qc8 26. Qf3 Kg7 27. dxe5 dxe5 28.
Red1 Qe6 29. Ne2 Nxe2+ 30. Qxe2 Rh8 31. Qf3 Qe7 32. Ng4 Nxg4 33. Qxg4 Rh4 34. Qg3 Rah8 35.
Kf1 Qe6 36. b3 c5 37. axb5 axb5 38. Qf3 Rf4 39. Qe3 c4 40. b4 Qg4 41. f3 Qg3 42.
Qf2 Qxf2+ 43. Kxf2 Rf6 44. Rd7 g5 45. Rxb7 1-0

[Event "Late-Titled-Tuesday-Blitz-September-19-2023"]
[Site "Chess.com"]
[Date "2023.09.19"]
[Round "3"]
[White "martinez_95"]
[Black "gabduschew"]
[Result "1-0"]
[WhiteElo "2197"]
[BlackElo "2361"]
[TimeControl "180+1"]
[EndTime "14:27:02 PDT"]
[Termination "martinez_95 won by resignation"]

1. d4 c6 2. e4 g6 3. Nc3 Bg7 4.
Be3 d5 5. e5 h5 6. Nf3 Nh6 7. Qd2 Nf5 8. O-O-O Nxe3 9. fxe3 Bh6 10. Kb1 b5 11. h4 Bf5 12. Ng5 e6 13. Bd3 Bxg5 14. Bxf5 Bxh4 15. Bd3 Nd7 16. e4 a6 17.
Rdf1 Nb6 18. Qf4 Be7 19. Qxf7+ Kd7 20. exd5 cxd5 21. Qxg6 h4 22. Be2 Qg8 23. Qd3 Qh7 24. Qh3 Nc4 25. Qxe6+ Kxe6 26. Bg4+ Qf5 27. Rxf5 Kd7 28. Nxd5 Rhg8 29. Bh3 Kd8 30. Rf7 Ra7 31. Nf4 Ke8 32. Rh7 Ne3 33. Be6 Rf8 34. Ng6 Rf2 35.
Rh8+ Bf8 36. Rxf8+ Rxf8 37. Nxf8 Kxf8 38. Rxh4 Nxg2 39.
Rg4 Ne3 40. Rg8+ Ke7 41. Rg7+ Kxe6 42. Rxa7 Kd5 43. Rxa6 1-0

[Event "Late-Titled-Tuesday-Blitz-September-19-2023"]
[Site "Chess.com"]
[Date "2023.09.19"]
[Round "3"]
[White "hansen"]
[Black "SAInt_666"]
[Result "1-0"]
[WhiteElo "2936"]
[BlackElo "2659"]
[TimeControl "180+1"]
[EndTime "14:27:03 PDT"]
[Termination "hansen won on time"]

1. e4 c5 2. Nf3 d6 3. d4 cxd4 4.
Nxd4 Nf6 5. Nc3 a6 6. a4 e5 7. Nf3 Be7 8. Bc4 O-O 9. Qd3 Be6 10.
Bg5 Qc8 11. Nd2 Nbd7 12. O-O h6 13. Be3 Qc7 14. h3 Rac8 15. Bb3 Nc5 16. Bxc5 Qxc5 17. Rfd1 Rfd8 18. Qe2 d5 19. exd5 Nxd5 20. Nxd5 Bxd5 21.
Ne4 Qc6 22. Bxd5 Rxd5 23. Rxd5 Qxd5 24. b3 f5 25. Ng3 e4 26. Rd1 Qc5 27. c4 Rd8 28.
Rxd8+ Bxd8 29. Qh5 e3 30. Qe8+ Qf8 31. Qxe3 Kh8 32. Qd3 f4 33. Ne4 Bb6 34. Qd5 Qb4 35.
c5 Qe1+ 36. Kh2 Bc7 37. f3 Qe2 38. Qxb7 Ba5 39. b4 Qe1 40. Qc8+ Kh7 41. Qf5+ Kh8 42. bxa5 Qxa5 43. Qd7 Qxa4 44. Qxa4 1-0

[Event "Late-Titled-Tuesday-Blitz-September-19-2023"]
[Site "Chess.com"]
[Date "2023.09.19"]
[Round "3"]
[White "Chessdreamer2020"]
[Black "NotFischer"]
[Result "1-0"]
[WhiteElo "2520"]
[BlackElo "2262"]
[TimeControl "180+1"]
[EndTime "14:27:04 PDT"]
[Termination "Chessdreamer2020 won on time"]

1. e4 d5 2. exd5 Qxd5 3. Nf3 Bg4 4. Be2 Nc6 5. d4 O-O-O 6. c4 Qf5 7. Be3 Bxf3 8. Bxf3 Nxd4 9. Bxd4 Qe6+ 10. Kf1 Qxc4+ 11. Be2 Qxd4 12. Qb3 Nf6 13. Nc3 Ne4 14. Nxe4 Qxe4 15. h4 e6 16. Rh3 Qf5 17. Rc1 Bc5 18. Rf3 Qe5 19. Rfc3 Bb6 20. Bf3 Qf4 21. Rxc7+ Qxc7 22. Rxc7+ Kxc7 23. a4 a5 24. Qc3+ Kb8 25. b4 axb4 26. Qxb4 Rd7 27. Qxb6 Rc8 28. g3 Rc1+ 29. Kg2 Rc3 30.
a5 Kc8 31. a6 bxa6 32. Qxa6+ Kd8 33. Qa5+ Rcc7 34. Qg5+ Kc8 35. Qxg7 f5 36. Qg8+ Rd8 37. Qxe6+ Kb8 38. Qxf5 Rcd7 39. Qb5+ Kc7 40. Qc5+ Kb8 41. Qb6+ Kc8 42. Bg4 1-0

[Event "Late-Titled-Tuesday-Blitz-September-19-2023"]
[Site "Chess.com"]
[Date "2023.09.19"]
[Round "3"]
[White "Beca95"]
[Black "angelgab3"]
[Result "1-0"]
[WhiteElo "2853"]
[BlackElo "2579"]
[TimeControl "180+1"]
[EndTime "14:27:06 PDT"]
[Termination "Beca95 won by resignation"]

1. d4 Nf6 2. Bg5 e6 3. e4 h6 4. Bxf6 Qxf6 5. c3 b6 6. Nd2 Bb7 7. Bd3 Qd8 8. f4 c5 9. Ngf3 cxd4 10.
cxd4 Be7 11. O-O O-O 12. Qe2 Nc6 13. a3 d6 14. Kh1 Rc8 15. g4 Bf6 16. Qf2 e5 17. d5 Nd4 18. Nxd4 exd4 19. Nf3 Qc7 20. h4 g6 21. g5 hxg5 22. hxg5 Bg7 23. Kg2 Rfe8 24. Rh1 b5 25. Rh3 b4 26. axb4 Qb6 27. b5 Rc5 28. Rah1 Rxb5 29. Bxb5 Qxb5 30. Nd2 d3 31.
Kg3 Qxb2 32. Rb1 Qc2 33. Rxb7 Bc3 34. Qh2 Qd1 35. e5 Qe1+ 36. Kf3 Qd1+ 37. Ke3 Bxd2+ 38. Qxd2 Qg1+ 39. Qf2 Qc1+ 40. Qd2 Qg1+ 41. Kf3 Qf1+ 42.
Kg3 Qg1+ 43. Qg2 Qe3+ 44. Kg4 dxe5 45. Rxe3 1-0

[Event "Late-Titled-Tuesday-Blitz-September-19-2023"]
[Site "Chess.com"]
[Date "2023.09.19"]
[Round "3"]
[White "cassoulet"]
[Black "tgpgoat"]
[Result "1-0"]
[WhiteElo "2764"]
[BlackElo "2502"]
[TimeControl "180+1"]
[EndTime "14:27:06 PDT"]
[Termination "cassoulet won by resignation"]

1. d4 Nf6 2. Bg5 Ne4 3. Bf4 d5 4. Nd2 g6 5. Nxe4 dxe4 6. e3 Bg7 7. Bc4 O-O 8. Ne2 c5 9. c3 cxd4 10. exd4 Nc6 11. Qd2 e5 12. dxe5 Nxe5 13. Qxd8 Rxd8 14. Bxe5 Bxe5 15. Rd1 Bg4 16. h3 Bxe2 17. Kxe2 Kf8 18.
Bd5 f5 19. Bxb7 Rab8 20. Rxd8+ Rxd8 21. Rd1 Rxd1 22. Kxd1 Ke7 23. g4 Kf6 24. gxf5 gxf5 25. Ke2 h6 26. Bd5 Bd6 27. f3 Ke5 28. Bb7 a5 29.
fxe4 fxe4 30. b3 Bc5 31. Bc6 Be7 32. Bb5 Bc5 33. Bd7 Kf4 34. Bg4 Ke5 35. Kd2 Kf4 36. Bc8 Kf3 37. Bb7 Kf4 38. Ke2 Ke5 39. Kf1 Kf4 40.
Kg2 h5 41. Ba6 h4 42. Bb7 Be7 43. Kf1 Bc5 44. Ke2 Be7 45. Bc8 Bc5 46. Bg4 Be7 47. Kd2 Bc5 48. Be2 Kg3 49. Bg4 Kf4 50. Bd7 Be7 51. Bc6 Bc5 52. a4 Be7 53. Kc2 Ba3 54. b4 e3 55. bxa5 Bc5 56. Kd3 Kg3 57. Bd7 Kf2 58. Bg4 Ba7 59. a6 Bb6 60. a5 Ba7 61.
Bh5 Bc5 62. Kc4 Ba7 63. Kd5 e2 64. Bxe2 Kxe2 65. Kc6 Kf3 66. Kb7 Bf2 67. a7 Bxa7 68.
Kxa7 Kg3 69. a6 Kxh3 70. Kb8 Kg2 71. a7 h3 72. a8=Q+ 1-0

[Event "Late-Titled-Tuesday-Blitz-September-19-2023"]
[Site "Chess.com"]
[Date "2023.09.19"]
[Round "3"]
[White "mishanick"]
[Black "ilya2700"]
[Result "1-0"]
[WhiteElo "3111"]
[BlackElo "2304"]
[TimeControl "180+1"]
[EndTime "14:27:08 PDT"]
[Termination "mishanick won by resignation"]

1. d4 d5 2. c4 c6 3. Nf3 Nf6 4. e3 e6 5. Nbd2 Be7 6. b3 O-O 7. Bb2 Nbd7 8. Bd3 dxc4 9. Nxc4 c5 10. O-O b6 11. Nfe5 Bb7 12. Qe2 cxd4 13. Bxd4 Nxe5 14. Nxe5 Qd5 15. f3 Rac8 16. Rfd1 Qa5 17. a3 Rfd8 18. Bb2 Nd5 19. b4 Qa4 20. Bb5 Qc2 21.
Rd2 Qc7 22. Rc1 Qb8 23. Nc6 Bxc6 24. Bxc6 Bg5 25. f4 Bf6 26. b5 Bxb2 27. Rxb2 Qd6 28. a4 e5 29. Rd2 Nxf4 30. exf4 Qxd2 31. Qxd2 Rxd2 32. fxe5 Rd4 33. Ra1 Kf8 34. a5 bxa5 35. Rxa5 Rc7 36. b6 Rxc6 37. bxa7 Rd8 38. a8=Q Rxa8 39. Rxa8+ Ke7 40. Kf2 Ke6 41. Re8+ Kf5 42. Rg8 Kxe5 43. Rxg7 Rf6+ 44. Kg1 h6 45. g3 Ke6 46.
Kg2 Rg6 47. Rh7 Kf6 48. Kh3 Ke6 49. Kh4 Rf6 50. Kh5 Rf2 51. h4 Kf5 52. Rxf7+ 1-0

[Event "Late-Titled-Tuesday-Blitz-September-19-2023"]
[Site "Chess.com"]
[Date "2023.09.19"]
[Round "3"]
[White "dianosky"]
[Black "talaicito"]
[Result "1-0"]
[WhiteElo "2515"]
[BlackElo "2165"]
[TimeControl "180+1"]
[EndTime "14:27:09 PDT"]
[Termination "dianosky won on time"]

1. d4 e6 2. c4 f6 3. Nc3 Bb4 4. Bd2 f5 5. e3 Nf6 6. f3 b6 7. Bd3 Bb7 8. Nge2 O-O 9. Qc2 a5 10. a3 Bxc3 11. Nxc3 Na6 12. O-O-O c5 13. d5 g6 14. e4 Qb8 15. Bh6 Rf7 16. Qe2 Nh5 17. e5 Nc7 18. d6 Na6 19. g3 Qd8 20.
Qe3 Nb8 21. Rhg1 Nc6 22. Nb5 Ba6 23. Nc7 Ra7 24. g4 Ng7 25. Bg5 Qc8 26. h4 Nd4 27. Rdf1 Bb7 28. h5 f4 29. Bxf4 Qf8 30. Bh6 Rxf3 31. Rxf3 Qxf3 32. Qxf3 Nxf3 33. Rf1 Nxe5 34. Be2 Be4 35. Kd2 gxh5 36. Bf4 Ng6 37. gxh5 Nxf4 38. Rxf4 Bf5 39. h6 1-0

[Event "Late-Titled-Tuesday-Blitz-September-19-2023"]
[Site "Chess.com"]
[Date "2023.09.19"]
[Round "3"]
[White "Nathan_Filgueiras"]
[Black "IngOscarArdila"]
[Result "1-0"]
[WhiteElo "2501"]
[BlackElo "2303"]
[TimeControl "180+1"]
[EndTime "14:27:10 PDT"]
[Termination "Nathan_Filgueiras won on time"]

1. e4 e5 2. Nf3 Nf6 3. Nxe5 d6 4.
Nf3 Nxe4 5. Nc3 Nxc3 6. dxc3 Be7 7. Be3 O-O 8. Bd3 Nd7 9. Qd2 Nf6 10. O-O-O c5 11.
h4 b5 12. Ng5 Qa5 13. Kb1 c4 14. Be2 Bb7 15. Bd4 d5 16. g4 b4 17. Qf4 Rab8 18.
Bxf6 Bxf6 19. Qf5 Bxg5 20. hxg5 g6 21. Qe5 Rfe8 22. Qh2 bxc3 23. Qxh7+ Kf8 24. Qh8+ Ke7 25. Qf6+ Kd7 26. Bxc4 Bc6 27. Bb3 cxb2 28. Rh7 Re7 29. Rxf7 Re8 30. Qxg6 Rxf7 31. Qxf7+ Re7 32. Qf5+ Kc7 33.
Qf6 Re1 34. Rxe1 Qxe1+ 35. Kxb2 Kb6 36. g6 Kc5 37. g7 d4 38. Qf8+ Kb6 39. Qd8+ Kc5 40.
Qg5+ Kb6 41. g8=Q Qc3+ 42. Kb1 d3 43. Qe3+ Kb7 44. Qf7+ Ka6 45. Qfxa7+ 1-0

[Event "Late-Titled-Tuesday-Blitz-September-19-2023"]
[Site "Chess.com"]
[Date "2023.09.19"]
[Round "3"]
[White "GMBenjaminBok"]
[Black "enestnrvrd"]
[Result "1-0"]
[WhiteElo "2955"]
[BlackElo "2675"]
[TimeControl "180+1"]
[EndTime "14:27:11 PDT"]
[Termination "GMBenjaminBok won by checkmate"]

1. d4 Nf6 2. c4 g6 3. g3 Bg7 4. Bg2 c6 5. e4 O-O 6. Nc3 d6 7. Nf3 e5 8. O-O Nbd7 9. Be3 Re8 10. h3 exd4 11. Nxd4 Nc5 12. Qc2 a5 13. Rfe1 a4 14. b4 axb3 15. axb3 Rxa1 16. Rxa1 h5 17. b4 Ne6 18.
Rd1 Qe7 19. Nde2 Nh7 20. Qd2 Neg5 21. h4 Nh3+ 22. Kh2 Qe6 23. Qxd6 Qxc4 24. Bxh3 Bxh3 25. Kxh3 Bxc3 26. Nxc3 Qxc3 27. Kg2 Qc2 28. Rd4 Nf8 29. Qf6 Ne6 30. Rd7 Qxe4+ 31. Kh2 Qf5 32. Qxf5 gxf5 33.
Rxb7 Ra8 34. Rb6 Ra4 35. Kg2 Kg7 36. Bc5 Nd8 37. Be7 Ne6 38. Rxc6 f4 39. b5 fxg3 40.
Kxg3 Ra2 41. b6 Rb2 42. f3 Nd4 43. Bf6+ Kg6 44. Bxd4+ Kf5 45. Bxb2 f6 46. Rxf6# 1-0

[Event "Late-Titled-Tuesday-Blitz-September-19-2023"]
[Site "Chess.com"]
[Date "2023.09.19"]
[Round "3"]
[White "wild3000"]
[Black "nitpicker"]
[Result "1-0"]
[WhiteElo "2462"]
[BlackElo "2236"]
[TimeControl "180+1"]
[EndTime "14:27:13 PDT"]
[Termination "wild3000 won on time"]

1. e4 c5 2. Nf3 d6 3. d4 cxd4 4.
Nxd4 Nf6 5. Nc3 Nc6 6. Be2 e6 7. O-O Be7 8. b3 a6 9. Bb2 Bd7 10. Nf3 b5 11. a3 Bc8 12. a4 b4 13.
Na2 Nxe4 14. Bxg7 Rg8 15. Bb2 Bf6 16. Bxf6 Qxf6 17. Bd3 Ng5 18. Nxg5 Qxg5 19. g3 Bb7 20. Bxh7 Rh8 21. Be4 d5 22. Bg2 Ke7 23. h4 Qg6 24. c3 Rag8 25. Qf3 bxc3 26. Nxc3 Nd8 27. Rfe1 d4 28. Ne4 f5 29. Qf4 Bxe4 30. Bxe4 fxe4 31. Rxe4 Nf7 32. Qc7+ Kf6 33. Rf4+ Kg7 34. Rxd4 e5 35. Rc4 Kh6 36. Rc6 Rc8 37. Rxg6+ Kxg6 38. Qb6+ Kg7 39. Qxa6 Rc2 40. Qd3 Rhc8 41. a5 R8c3 42. Qd1 Rb2 43. a6 1-0

[Event "Late-Titled-Tuesday-Blitz-September-19-2023"]
[Site "Chess.com"]
[Date "2023.09.19"]
[Round "3"]
[White "TEREZANA"]
[Black "rionelG"]
[Result "0-1"]
[WhiteElo "2481"]
[BlackElo "2333"]
[TimeControl "180+1"]
[EndTime "14:27:16 PDT"]
[Termination "rionelG won by resignation"]

1. d4 Nf6 2. Nf3 g6 3. Bg5 Bg7 4. Nbd2 d5 5. e3 O-O 6. Bd3 c5 7. c3 Nc6 8. O-O Nd7 9. h3 f6 10. Bh4 Qe8 11. Bb5 e5 12. dxe5 Ndxe5 13. Nxe5 fxe5 14.
Nb3 c4 15. Nc5 Qf7 16. e4 d4 17. Qa4 Kh8 18. Qxc4 Qc7 19. Ne6 Bxe6 20. Qxe6 Rae8 21.
Qc4 a6 22. Bxc6 Qxc6 23. Qxc6 bxc6 24. c4 Rf4 25. Bg3 Rxe4 26. f3 Re2 27. Rf2 Rxf2 28. Kxf2 Kg8 29. Re1 Kf7 30. Ke2 Ke6 31. Kd3 Kf5 32. Bh2 h5 33. g4+ Kf6 34. f4 hxg4 35. fxe5+ Ke6 36. hxg4 Rh8 37. Re2 c5 38. b4 Rh3+ 39.
Ke4 Rc3 40. bxc5 Rxc4 41. Kd3 Rxc5 42. Kxd4 Ra5 43. Bf4 Ra4+ 44. Ke3 Bxe5 45. Kf3 Rxf4+ 46. Kg3 Ra4+ 47. Kg2 Rxg4+ 48. Kh3 Ra4 49. Kg2 Kf5 50. Rf2+ Rf4 51. Rc2 g5 0-1

[Event "Late-Titled-Tuesday-Blitz-September-19-2023"]
[Site "Chess.com"]
[Date "2023.09.19"]
[Round "3"]
[White "IMRosen"]
[Black "YEIKO2017"]
[Result "0-1"]
[WhiteElo "2583"]
[BlackElo "2454"]
[TimeControl "180+1"]
[EndTime "14:27:18 PDT"]
[Termination "YEIKO2017 won on time"]

1. e4 c5 2. d4 cxd4 3. c3 e5 4. cxd4 exd4 5. Nf3 Nc6 6. Nxd4 Nf6 7. Nc3 Bb4 8. Nxc6 dxc6 9. Qxd8+ Kxd8 10. Bg5 h6 11.
O-O-O+ Ke7 12. Bxf6+ gxf6 13. Bc4 Rg8 14. g3 Be6 15. Bxe6 fxe6 16. Rd3 Rad8 17. Rhd1 Rxd3 18. Rxd3 Bc5 19. f4 h5 20. h4 Bf2 21. Ne2 f5 22. e5 c5 23. a4 Rd8 24. Rf3 Be1 25. Rf1 Bd2+ 26. Kc2 Bb4 27. Rd1 Rxd1 28. Kxd1 Kd7 29. Kc2 Kc6 30. Kd3 Be1 31. b3 Kd5 32.
Ke3 b6 33. Kd3 a6 34. Ke3 c4 35. bxc4+ Kxc4 36. Nd4 Bf2+ 37. Kxf2 Kxd4 38. Kf3 b5 39. a5 b4 40. Ke2 Kc3 41. g4 b3 42. gxf5 b2 43. fxe6 b1=Q 44. e7 Qb5+ 45. Ke3 Qd7 46. Ke4 Qxe7 47. f5 Kc4 48. e6 Qd6 0-1